 Dungeon Crawl Stone Soup version 0.17.0-23-g0de4337 (webtiles) character file.

105 Gravenous the Cudgeler (level 4, -6/48 HPs)
             Began as an Ogre Artificer on Nov 15, 2015.
             Killed from afar by a white imp (9 damage)
             ... with a puff of frost
             ... summoned by Natasha
             ... on level 2 of the Dungeon.
             The game lasted 00:03:15 (2374 turns).

Gravenous the Cudgeler (Ogre Artificer)             Turns: 2374, Time: 00:03:15

Health: -6/48      AC:  3    Str: 16    XL:     4   Next: 83%
Magic:  5/5        EV: 10    Int: 12    God:
Gold:   93         SH:  0    Dex: 10    Spells: 0 memorised, 3 levels left

rFire  . . .     SeeInvis .     a - +0 short sword
rCold  . . .     Clarity  .     b - +0 robe
rNeg   . . .     SustAt   .     (no shield)
rPois  .         Gourm    .     (helmet restricted)
rElec  .         Spirit   .     (no cloak)
rCorr  .         Warding  .     (gloves unavailable)
rMut   .         Stasis   .     (boots unavailable)
MR     .....                    (no amulet)
Stlth  ++........               (no ring)
                                n - ring of stealth

@: slowed, very slow, not resistant to hostile enchantments, unstealthy
A: unfitting armour, tough skin 1
a: no special abilities


You were on level 2 of the Dungeon.
You were not hungry.

You visited 1 branch of the dungeon, and saw 2 of its levels.

You collected 93 gold pieces.

Inventory:

Hand Weapons
 a - a +0 short sword (weapon)
 h - a +0 club
Missiles
 p - 18 poisoned needles
Armour
 b - a +0 robe (worn)
Jewellery
 n - a ring of stealth (left hand)
Wands
 c - a wand of flame (2)
 d - a wand of enslavement (15)
 e - a wand of random effects (15)
Scrolls
 g - 3 scrolls of recharging {unknown}
 i - 2 scrolls of teleportation {unknown}
 k - a scroll of noise {unknown}
Potions
 j - 2 potions of flight {unknown}
 l - 2 potions of haste {unknown}
 m - a potion of curing {unknown}
 q - 2 potions of agility {unknown}
Comestibles
 f - 3 bread rations
 o - a beef jerky


   Skills:
 + Level 3.6 Fighting
 - Level 0.5 Short Blades
 * Level 4.0 Maces & Flails
 - Level 2.1 Dodging
 - Level 0.7 Stealth
 - Level 2.4 Evocations


You had 3 spell levels left.
You didn't know any spells.

Dungeon Overview and Level Annotations

Branches:
Dungeon (2/15)

Altars:
Zin

Shops:
D:2 *

Annotations:
D:2 Natasha


Innate Abilities, Weirdness & Mutations

You are too large for most types of armour.
You have tough skin (AC +1).


Message History

Natasha is almost dead.
Natasha drinks a potion.
Natasha is healed!
The white imp barely misses you. Natasha claws you.
You barely miss Natasha.
The white imp hits you but does no damage.
The shadow imp hits you. Natasha barely misses you. The white imp hits you.
The white imp freezes you. The shadow imp hits you.
* * * LOW HITPOINT WARNING * * *
You closely miss Natasha. Natasha barely misses you. The white imp hits you.
* * * LOW HITPOINT WARNING * * *
The white imp freezes you.
* * * LOW HITPOINT WARNING * * *
The shadow imp hits you.
* * * LOW HITPOINT WARNING * * *
Natasha casts a spell at you. The magic dart hits you!
* * * LOW HITPOINT WARNING * * *
The white imp gestures at you. The puff of frost hits you!
You die...

...############..#
##.# .........#
#.# #######[.# #.#
#.......# . #.#
#.......# .. #.#
#.......# #... #.#
.#####..# ...#
##.#
.....!..#....##
....
.......@5......
...
.#####5h.......
... .. #..####.##
##. #.#.# #... ..
. #.#.# #... ..
#.#.# #.... ...
#.#.###..## .##.
### #..........
... .
#########...#
#..#.# ..#.#


You could see Natasha, a white imp and a shadow imp.

Vanquished Creatures
  Natasha (D:2)
  3 adders (D:2)
  2 oozes (D:1)
  A worm (D:2)
  3 giant cockroaches
  4 hobgoblins (D:1)
  6 jackals (D:1)
  10 bats
  A giant gecko (D:2)
  4 giant newts
  3 goblins
  4 kobolds (D:1)
  A rat (D:2)
43 creatures vanquished.

Notes
Turn   | Place    | Note
--------------------------------------------------------------
     0 | D:1      | Gravenous the Ogre Artificer began the quest for the Orb.
     0 | D:1      | Reached XP level 1. HP: 19/19 MP: 2/2
    80 | D:1      | Reached XP level 2. HP: 12/28 MP: 3/3
   492 | D:1      | Reached skill level 1 in Maces & Flails
   519 | D:1      | Reached XP level 3. HP: 3/36 MP: 4/4
  1597 | D:2      | Reached skill level 3 in Fighting
  1597 | D:2      | Reached XP level 4. HP: 35/45 MP: 5/5
  1798 | D:2      | Noticed Natasha
  1801 | D:2      | Killed Natasha
  2197 | D:2      | Found Zin's Purification Station.
  2199 | D:2      | Found a glowing silver altar of Zin.
  2366 | D:2      | Noticed Natasha
  2367 | D:2      | Reached skill level 4 in Maces & Flails
  2374 | D:2      | Killed from afar by a white imp

Action                   |  1- 3 |  4- 6 || total
-------------------------+-------+-------++-------
Melee: Short sword       |   164 |    78 ||   242
Evoke: Wand              |     5 |     8 ||    13
 Stab: Sleeping          |     1 |       ||     1
  Eat: Chunk             |     2 |     3 ||     5
